Construct Light Support Kompanie
Construct Panzerarmee Kommand
Kradschützen Motorcycle Team
Flak 36 Anti-tank Gun Team
Construct Mechanized Kompanie
Selects Registered Artillery
Selects Towed Cannone da 105/28 Field Howitzer
Selects Defensive Operations
Selects Territory Booby Traps
Selects Obice 305mm Barrage
254 Reconnaissance Tractor
Walking Stuka Rocket Launcher
254 Reconnaissance Tractor
Flak 36 Anti-tank Gun Team
Marder III Tank Destroyer
Marder III Tank Destroyer
18-tonne Recovery Half-track